AoeStats
← Msp

African Clearing

505512361Analyzed
4v4 RM · 23d ago on Sep 9, 2026· 48m 17s· 8 players
Game mode
Random Map
Map size
Large (8 player)
Population
200
Speed
Normal
Resources
Standard
Victory
Conquest
Starting age
Dark Age
Ending age
Imperial Age
RankedLock teamsTeams togetherTeam positionsShared explorationLock speedFull tech treeHidden civsTurbo modeCheats
Victory
Defeat
🇪🇸 Mongols · Spain
1584
+13
🇪🇸 Vikings · Spain
1515
+16
🇩🇪 Spanish · Germany
1478
+18
🇲🇽 Vietnamese · Mexico
1439
+19
🇲🇦 Hindustanis · Morocco
1621
-20
🇨🇭 Japanese · Switzerland
1518
-17
🇫🇷 Koreans · France
1484
-15
🇫🇷 Persians · France
1456
-14
Ux'DonChauron
7:44 Loom
10:37 Feudal Age
12:25 Fletching
19:04 Double-Bit Axe
23:07 Castle Age
21:51 Padded Archer Armor
21:42 Gold Mining
22:23 Horse Collar
23:33 Scale Barding Armor
24:16 Bloodlines
25:45 Bodkin Arrow
28:04 Heavy Plow
31:05 Ballistics
31:05 Town Watch
32:17 Wheelbarrow
35:11 Bow Saw
36:28 Thumb Ring
40:52 Imperial Age
38:22 Stone Mining
39:11 Hand Cart
39:15 Husbandry
38:54 Light Cavalry
40:27 Chain Barding Armor
40:17 Forging
40:27 Chain Barding Armor
41:05 Leather Archer Armor
41:42 Bracer
42:44 Chemistry
42:30 Conscription
42:12 Capped Ram
43:39 Hoardings
44:22 Iron Casting
44:18 Masonry
45:14 Parthian Tactics
46:20 Blast Furnace
46:02 Heavy Camel Rider
47:54 Stone Shaft Mining
47:55 Gold Shaft Mining
48:30 Drill
47:35 Siege Ram
Ux'Olkan
3:43 Loom
13:12 Feudal Age
17:38 Castle Age
16:02 Double-Bit Axe
18:50 Fletching
26:25 Husbandry
26:41 Bloodlines
27:58 Horse Collar
36:24 Town Watch
37:20 Wheelbarrow
42:10 Imperial Age
40:50 Scale Barding Armor
41:02 Forging
42:15 Elite Conquistador
45:34 Hand Cart
45:20 Light Cavalry
48:42 Conscription
Ux' Krupjm
12:58 Feudal Age
12:59 Loom
16:34 Castle Age
16:40 Scale Barding Armor
16:45 Forging
17:43 Bloodlines
17:34 Husbandry
17:45 Double-Bit Axe
22:58 Chain Barding Armor
26:31 Gold Mining
32:18 Wheelbarrow
37:03 Iron Casting
47:16 Imperial Age
45:02 Hand Cart
46:49 Town Watch
47:27 Cavalier
48:49 Plate Barding Armor
Ux'TheNovack
4:43 Loom
12:12 Feudal Age
12:40 Double-Bit Axe
20:06 Castle Age
18:23 Fletching
20:08 Crossbowman
21:02 Bodkin Arrow
24:07 Gold Mining
24:12 Stone Mining
25:04 Horse Collar
27:41 Ballistics
28:48 Padded Archer Armor
32:27 Leather Archer Armor
37:12 Imperial Age
38:58 Town Watch
39:27 Arbalester
41:36 Chemistry
40:59 Bracer
43:34 Conscription
Msp
11:18 Loom
13:18 Feudal Age
20:37 Castle Age
21:45 Castle Age
20:31 Double-Bit Axe
30:27 Fletching
35:29 Wheelbarrow
39:09 Hand Cart
39:25 Scale Barding Armor
39:36 Bow Saw
39:18 Horse Collar
40:17 Bloodlines
40:14 Gold Mining
40:42 Husbandry
40:36 Town Watch
Skrillll
12:24 Feudal Age
14:02 Loom
17:13 Castle Age
15:27 Double-Bit Axe
15:34 Horse Collar
19:24 Bow Saw
27:14 Scale Mail Armor
29:10 Wheelbarrow
29:15 Gold Mining
30:20 Hand Cart
32:10 Chain Mail Armor
atchoubaka
6:04 Loom
13:11 Feudal Age
20:20 Castle Age
25:03 Fletching
32:58 Bodkin Arrow
BehCoY
13:23 Feudal Age
13:03 Loom
13:49 Loom
17:50 Castle Age
15:56 Double-Bit Axe
16:13 Gold Mining
17:03 Fletching
19:03 Bow Saw
20:03 Fishing Lines
21:57 Bodkin Arrow
23:20 Husbandry
24:18 Padded Archer Armor
25:48 Wheelbarrow
25:01 Town Watch
26:28 Ballistics
26:15 Thumb Ring
27:01 Leather Archer Armor
27:38 Bloodlines
31:19 Guard Tower
31:56 Murder Holes
33:05 Stone Mining
39:30 Imperial Age
39:02 Yasama
42:03 Heavy Cavalry Archer
43:36 Bracer
44:18 Keep
43:29 Arrowslits
43:39 Horse Collar
46:42 Chemistry
46:43 Two-Man Saw
Connection lost

Rejoining the realm…

Still unreachable

The connection could not be restored.

Session expired

The server has moved on; the page needs a fresh start.